 Dungeon Crawl Stone Soup version 0.22-a0-617-g6d95e9e (webtiles) character file.

218143 kae the End of an Era (level 19, -7/170 HPs)
             Began as a Hill Orc Fighter on July 12, 2018.
             Was the Champion of Qazlal.
             Mangled by a naga warrior
             ... wielding a +0 trident
              (18 damage)
             ... on level 4 of the Snake Pit.
             The game lasted 00:54:55 (44613 turns).

kae the End of an Era (Hill Orc Fighter)           Turns: 44613, Time: 00:54:56

Health: -7/170     AC: 25    Str: 31    XL:     19   Next: 10%
Magic:  0/34       EV:  9    Int:  8    God:    Qazlal [******]
Gold:   2519       SH:  8    Dex: 10    Spells: 18/18 levels left

rFire    + . .     SeeInvis .   R - +9 battleaxe (drain)
rCold    . . .     Gourm    .   (shield currently unavailable)
rNeg     . . .     Faith    .   X - +3 plate armour {rF+}
rPois    +         Spirit   +   (no helmet)
rElec    .         Reflect  .   s - scarf {Spirit}
rCorr    .         Harm     .   I - +0 pair of gloves
MR       +....                  c - +0 pair of boots {Fly}
Stlth    ..........             e - amulet of magic regeneration
HPRegen  0.38/turn              z - ring of poison resistance
MPRegen  0.49/turn              L - +4 ring of strength

@: lethally poisoned (-7 -> -8), protected from physical damage, flying,
constricted, repel missiles
A: no striking features
}: 1/15 runes: decaying
a: Upheaval, Elemental Force, Disaster Area, Renounce Religion, Stop Flying


You were on level 4 of the Snake Pit.
You worshipped Qazlal.
Qazlal was exalted by your worship.
You were hungry.

You visited 6 branches of the dungeon, and saw 32 of its levels.

You collected 2998 gold pieces.
You spent 479 gold pieces at shops.

Inventory:

Hand Weapons
 F - a +0 battleaxe
 R - a +9 battleaxe of draining (weapon)
Armour
 c - a +0 pair of boots of flying (worn)
 s - a scarf of spirit shield (worn)
 I - a +0 pair of gloves (worn)
 K - the +1 ring mail of the Eight Boll Weevils {rF+ rC- rN+ Regen+}
   (You found it on level 1 of the Lair of Beasts)

   It protects you from fire.
   It makes you vulnerable to cold.
   It protects you from negative energy.
   It increases your rate of regeneration.
 X - a +3 plate armour of fire resistance (worn)
Jewellery
 a - an uncursed ring of protection from cold
 e - an amulet of magic regeneration (around neck)
 n - the ring "Muptoino" {+Fly MR+ Int+3}
   (You found it on level 3 of the Swamp)

   [ring of protection from magic]

   It affects your intelligence (+3).
   It affects your resistance to hostile enchantments.
   It lets you fly.
 z - a ring of poison resistance (left hand)
 L - a +4 ring of strength (right hand)
 Q - an uncursed ring of protection from fire
 V - an uncursed ring of resist corrosion
Wands
 v - a wand of clouds (2)
 x - a wand of flame (47)
 B - a wand of paralysis (28)
 H - a wand of enslavement (12)
 J - a wand of random effects (83)
 M - a wand of polymorph (35)
 N - a wand of acid (20)
 U - a wand of disintegration (7)
Scrolls
 j - 6 scrolls of identify
 k - 10 scrolls of amnesia
 m - 20 scrolls of remove curse
 r - 6 scrolls of fog
 u - 2 scrolls of blinking
 w - 3 scrolls of enchant weapon
 y - 6 scrolls of magic mapping
 D - 13 scrolls of teleportation
Potions
 d - 3 potions of might
 g - 8 potions of agility
 h - 2 potions of heal wounds
 i - a potion of mutation
 l - 7 potions of curing
 o - 12 potions of brilliance
 p - 5 potions of resistance
 t - a potion of invisibility
 C - 3 potions of haste
 E - 5 potions of ambrosia
 O - a potion of cancellation
 P - 3 potions of magic
 S - 3 potions of lignification
 W - 2 potions of berserk rage
Comestibles
 f - 48 rations


   Skills:
 + Level 15.0 Fighting
 + Level 22.6 Axes
 + Level 13.0 Armour
 + Level 9.9 Dodging
   Level 3.2 Shields
 - Level 22.6 Invocations


You had 18 spell levels left.
You didn't know any spells.
Your spell library contained the following spells:

 Spells                   Type           Power        Failure   Level  Hunger
 Apportation              Tloc           #.....       94%         1    ##.....
 Bolt of Cold             Conj/Ice       #.........   100%        6    #######
 Lightning Bolt           Conj/Air       #.........   100%        5    ######.
 Throw Frost              Conj/Ice       #.....       98%         2    ###....
 Freezing Cloud           Conj/Ice/Air   #.........   100%        6    #######
 Mephitic Cloud           Conj/Pois/Air  #.......     100%        3    ####...
 Venom Bolt               Conj/Pois      #.........   100%        5    ######.
 Olgreb's Toxic Radiance  Pois           #.......     100%        4    #####..
 Summon Small Mammal      Summ           #...         94%         1    ##.....
 Animate Dead             Necr           N/A          100%        4    #####..
 Pain                     Necr           #...         94%         1    ##.....
 Animate Skeleton         Necr           N/A          94%         1    ##.....
 Vampiric Draining        Necr           #.........   100%        3    ####...
 Freeze                   Ice            #...         94%         1    ##.....
 Ozocubu's Refrigeration  Ice            #.........   100%        6    #######
 Summon Ice Beast         Ice/Summ       #.......     100%        4    #####..
 Ozocubu's Armour         Chrm/Ice       #.......     100%        3    ####...
 Call Imp                 Summ           #.......     98%         2    ###....
 Regeneration             Chrm/Necr      #.........   100%        3    ####...
 Sting                    Conj/Pois      #...         94%         1    ##.....
 Shock                    Conj/Air       #...         94%         1    ##.....
 Swiftness                Chrm/Air       #.......     98%         2    ###....
 Ice Form                 Ice/Tmut       #.......     100%        4    #####..
 Throw Icicle             Conj/Ice       #.......     100%        4    #####..
 Airstrike                Air            #.........   100%        4    #####..
 Confusing Touch          Hex            #.....       94%         1    ##.....
 Call Canine Familiar     Summ           #.......     100%        3    ####...
 Metabolic Englaciation   Hex/Ice        #.........   100%        5    ######.
 Static Discharge         Conj/Air       #.......     100%        3    ####...
 Simulacrum               Ice/Necr       #.........   100%        6    #######
 Shroud of Golubria       Chrm/Tloc      #.........   98%         2    ###....
 Infusion                 Chrm           #...         94%         1    ##.....
 Song of Slaying          Chrm           #.......     98%         2    ###....
 Spectral Weapon          Hex/Chrm       #.......     100%        3    ####...
 Summon Lightning Spire   Summ/Air       #.......     100%        4    #####..
 Summon Guardian Golem    Hex/Summ       #.......     100%        3    ####...
 Poisonous Vapours        Pois/Air       #.....       98%         2    ###....


Dungeon Overview and Level Annotations

Branches:
Dungeon (15/15)            Temple (1/1) D:7            Lair (6/6) D:11
  Swamp (4/4) Lair:4        Snake (4/4) Lair:3        Slime (0/5) Lair:6
    Orc (2/2) D:12            Elf (0/3) Orc:2        Vaults (0/5) D:14
 Depths (0/5) D:15

Altars:
Ashenzari
Cheibriados
Dithmenos
Elyvilon
Fedhas
Gozag
Hepliaklqana
Kikubaaqudgha
Makhleb
Nemelex Xobeh
Okawaru
Qazlal
Ru
Sif Muna
Trog
Uskayaw
Vehumet
Wu Jian
Xom
Yredelemnul
Zin
The Shining One
Beogh

Shops:
D:5 !!%}[   D:7 :   Orc:2 [:[%

Annotations:
D:3 exclusion: oklob plant
D:4 2 transporters, 1 runed door, Autsider's ghost, amateur MfSk
D:7 1 transporter
Lair:3 exclusion: oklob plant


Message History

The anaconda constricts you.
You slice the anaconda!!
You kill the anaconda!
Qazlal accepts your kill.
Your Armour skill increases to level 13!
The naga spits poison at you. The splash of poison hits you!
You are poisoned.
You resist.
The naga warrior hits you but does no damage.
You block the naga warrior's attack.
There is an open door, spattered with blood here.
You closely miss the naga.
The naga is moderately wounded.
You barely miss the naga warrior.
You feel sick. The naga hits you with a glaive!
* * * LOW HITPOINT WARNING * * *
The naga grabs you. The naga constricts you.
The naga warrior hits you with a trident!!
You die...

# #..#####.....###*,,* *,,
###..............##..##*** **,,
.###......)...........,,,*****,,,
.##...)).÷...........,,,,,,,,,,,,
.(...(..÷...........,,***,,,,,,,,
......###)..###....#***,*,,,,,,,,
......# ##.)#.###.§#,,,,**,,,,,**
......# #...#...#N§##,,<,*,,,,,*,
.....####.).#.§†@N§.#+*+**,,,,,*,
.....#*#)))(#..##.......,,,,,,,*,
......##...(#+##.......(,,,,,,**,
..........)))........%..,,,,,,*,,
.............†..........,,,,,,+,,
##......................,,,,,,**,
*####.................#***,,,,*,
**,,##................## **,..##
**,,,,#...#.............# *#....


You could see a naga warrior and a naga.

Vanquished Creatures
  Bai Suzhen (Swamp:4)
  Vashnia (Snake:4)
  Jorgrun (Snake:4)
  A tentacled monstrosity (Swamp:2)
  A thorn hunter (Swamp:2)
  Donald (Orc:2)
  3 nagarajas
  Aizul (Swamp:3)
  An orc warlord (D:12)
  The ghost of Zadusov the Cruncher, a journeyman NaWz of Kikubaaqudgha (Lair:4)
  The ghost of Xunt the Cruncher, a journeyman NaWz of Kikubaaqudgha (Lair:4)
  A stone giant (Orc:1)
  Nessos (Lair:6)
  Azrael (Orc:2)
  2 dire elephants
  A fire dragon (D:14)
  Josephine (Lair:5)
  8 vault guards
  20 hydras
  Harold (Orc:1)
  2 catoblepae
  11 naga warriors
  2 centaur warriors
  2 ghost crabs (Swamp:2)
  5 two-headed ogres
  16 anacondas
  A deep troll shaman (Lair:6)
  Erica (D:8)
  8 alligators
  4 tengu warriors
  3 orc high priests (Orc:2)
  7 shock serpents
  Nergalle (Lair:1)
  3 death yaks (Lair:6)
  18 naga sharpshooters
  2 sixfirhies (D:13)
  3 skeletal warriors (D:15)
  An unseen horror (D:12)
  6 shambling mangroves
  5 spriggan druids
  12 swamp dragons
  4 naga ritualists
  12 orc knights
  8 mana vipers
  4 oklob plants (Lair:3)
  5 orc sorcerers
  4 ugly things
  9 elephants
  9 salamanders
  3 cyclopes
  A manticore (D:15)
  45 black mambas
  4 guardian serpents
  13 naga magi
  2 gargoyles
  10 spiny frogs
  Psyche (D:11)
  3 kobold demonologists
  2 rime drakes
  An efreet (D:15)
  10 komodo dragons
  3 trolls
  11 tyrant leeches
  21 hornets
  9 dream sheep
  13 blink frogs
  8 bog bodies
  12 slime creatures
  4 raiju (D:13)
  8 hippogriffs
  A shadow (Swamp:4)
  3 wyverns
  10 spriggans
  3 wraiths (Lair:5)
  A vampire (D:12)
  33 yaks
  2 fire elementals (Orc:1)
  4 basilisks
  Eustachio (D:5)
  A hungry ghost (D:14)
  A warg (Orc:1)
  12 vampire mosquitoes
  Edmund (D:6)
  15 swamp worms
  9 insubstantial wisps (Swamp:4)
  36 nagas
  A water moccasin (shapeshifter) (D:13)
  13 water moccasins
  2 hell hounds
  32 orc warriors
  6 porcupines
  3 sky beasts
  3 black bears
  4 swamp drakes
  An ice beast (D:12)
  A necrophage (D:10)
  3 phantoms
  10 ogres
  5 boggarts (D:13)
  8 centaurs
  6 wolves (Lair:6)
  15 crocodiles
  2 big kobolds
  12 bullfrogs
  A gnoll sergeant (D:10)
  A water moccasin skeleton (D:9)
  2 scorpions
  8 killer bees
  19 wights
  6 howler monkeys
  7 crimson imps
  A bullfrog zombie (D:5)
  3 centaur zombies (D:11)
  3 bullfrog skeletons
  5 centaur skeletons
  2 hounds
  11 jellies
  A quasit (D:10)
  18 orc priests
  20 orc wizards
  4 iguanas
  10 worker ants
  3 hound zombies
  2 hound skeletons (D:4)
  Robin (D:2)
  11 gnolls
  A worker ant zombie (D:7)
  22 adders
  4 shadow imps
  15 oozes
  2 adder skeletons
  4 worms
  7 leopard geckos
  104 orcs
  6 bats
  5 giant cockroaches
  21 goblins
  7 hobgoblins
  A jackal (D:1)
  15 kobolds
  4 quokkas
  2 ball pythons (D:3)
  4 frilled lizards
  A jackal skeleton (D:4)
  A jackal zombie (D:8)
  A leopard gecko skeleton (D:5)
  12 rats
  2 briar patches (Swamp:2)
  2 bushes
  3 fungi
  12 plants
1058 creatures vanquished.

Vanquished Creatures (collateral kills)
  A shock serpent (D:13)
  A wyvern zombie (D:13)
2 creatures vanquished.

Vanquished Creatures (others)
  A hydra (Lair:6)
  A mana viper (Snake:2)
  2 swamp drakes (Swamp:4)
  A crimson imp (D:13)
  An orc wizard (Orc:2)
  2 orc priests (Orc:2)
  A worker ant (D:13)
  6 fungi
  4 plants
  6 withered plants (Lair:4)
25 creatures vanquished.

Grand Total: 1085 creatures vanquished

Notes
Turn   | Place    | Note
-------+----------+-------------------------------------------
     0 | D:1      | kae the Hill Orc Fighter began the quest for the Orb.
     0 | D:1      | Reached XP level 1. HP: 19/19 MP: 1/1
   201 | D:1      | Reached XP level 2. HP: 26/26 MP: 2/2
   723 | D:2      | Reached XP level 3. HP: 28/31 MP: 3/3
   806 | D:2      | Reached skill level 5 in Axes
   882 | D:2      | Reached XP level 4. HP: 30/39 MP: 4/4
  1054 | D:2      | Noticed a bullfrog
  1055 | D:2      | Found a glowing golden altar of the Shining One.
  1069 | D:2      | Killed a bullfrog
  1069 | D:2      | Reached XP level 5. HP: 10/45 MP: 5/5
  1506 | D:2      | Noticed Robin
  1709 | D:2      | Killed Robin
  2244 | D:3      | Found an ornate altar of the Wu Jian Council.
  2344 | D:3      | Reached XP level 6. HP: 51/51 MP: 6/6
  2394 | D:3      | Found a blossoming altar of Fedhas.
  2411 | D:3      | Noticed an oklob plant
  2460 | D:3      | Found a sparkling altar of Nemelex Xobeh.
  2945 | D:4      | Found a shattered altar of Ashenzari.
  3202 | D:4      | Found a glowing silver altar of Zin.
  3304 | D:4      | Reached XP level 7. HP: 57/57 MP: 7/7
  3313 | D:4      | Found an opulent altar of Gozag.
  3431 | D:4      | Found a transporter.
  3619 | D:4      | Reached skill level 10 in Axes
  3638 | D:4      | Found a transporter.
  3743 | D:4      | Found a runed door.
  3744 | D:4      | Noticed Autsider's ghost (amateur MfSk)
  3778 | D:5      | Entered Level 5 of the Dungeon
  3779 | D:5      | Noticed Eustachio
  3795 | D:5      | Killed Eustachio
  3936 | D:5      | Found Kaneju's Food Boutique.
  3963 | D:5      | Found Ruattil's Gadget Boutique.
  4064 | D:5      | Reached XP level 8. HP: 64/64 MP: 8/8
  4152 | D:5      | Found Xinuahir's Armour Shoppe.
  4184 | D:5      | Bought a scarf of spirit shield for 126 gold pieces
  4452 | D:5      | Found Jefoy's Distillery.
  4460 | D:5      | Bought a potion of lignification for 39 gold pieces
  4460 | D:5      | Bought a potion of heal wounds for 65 gold pieces
  4460 | D:5      | Bought a potion of curing for 39 gold pieces
  4460 | D:5      | Bought a potion of curing for 39 gold pieces
  4467 | D:5      | Found Plog's Distillery.
  4471 | D:5      | Bought a potion of degeneration for 10 gold pieces
  4477 | D:5      | Found a basalt altar of Yredelemnul.
  4643 | D:5      | Found a deep blue altar of Sif Muna.
  4769 | D:6      | Found a hazy altar of Hepliaklqana.
  5432 | D:5      | HP: 2/64 [orc warrior/war axe of chopping (7)]
  5758 | D:6      | Noticed Edmund
  5771 | D:6      | Killed Edmund
  5822 | D:6      | Found a sacrificial altar of Ru.
  5955 | D:6      | Reached XP level 9. HP: 66/70 MP: 7/9
  6001 | D:6      | Found a radiant altar of Vehumet.
  6377 | D:7      | Found an iron altar of Okawaru.
  6451 | D:7      | Found a burning altar of Makhleb.
  6465 | D:7      | Found a glowing golden altar of the Shining One.
  6555 | D:7      | Found a transporter.
  6568 | D:7      | Found Cepninir's Book Shop.
  6798 | D:7      | Found a staircase to the Ecumenical Temple.
  6828 | Temple   | Entered the Ecumenical Temple
  6923 | Temple   | Became a worshipper of Qazlal Stormbringer
  7179 | D:8      | Reached skill level 1 in Invocations
  7180 | D:8      | Noticed Erica
  7180 | D:8      | Noticed a two-headed ogre
  7189 | D:8      | Killed a two-headed ogre
  7189 | D:8      | Reached skill level 15 in Axes
  7189 | D:8      | Reached skill level 5 in Invocations
  7192 | D:8      | Killed Erica
  7192 | D:8      | Reached XP level 10. HP: 77/77 MP: 11/15
  7511 | D:8      | Found a hide-covered altar of Uskayaw.
  7712 | D:8      | Noticed a two-headed ogre
  7719 | D:8      | Killed a two-headed ogre
  8407 | D:9      | Noticed a two-headed ogre
  8418 | D:9      | Killed a two-headed ogre
  8418 | D:9      | Reached skill level 10 in Invocations
  9156 | D:10     | Entered Level 10 of the Dungeon
  9156 | D:10     | Noticed a red ugly thing
  9168 | D:10     | Killed a red ugly thing
  9434 | D:10     | Reached XP level 11. HP: 73/84 MP: 18/20
  9694 | D:10     | Reached * piety under Qazlal
  9717 | D:10     | Reached skill level 5 in Fighting
  9769 | D:9      | HP: 4/89 [poisoned by a killer bee]
  9777 | D:9      | HP: 4/89 [poisoned by a killer bee]
 10667 | D:10     | Noticed a tengu warrior
 10682 | D:10     | Killed a tengu warrior
 11172 | D:11     | Noticed a brown ugly thing
 11184 | D:11     | Killed a brown ugly thing
 11609 | D:11     | Noticed Psyche
 11629 | D:11     | Killed Psyche
 11688 | D:11     | Found a staircase to the Lair.
 11732 | D:11     | Noticed a purple ugly thing
 11766 | D:11     | Killed a purple ugly thing
 12012 | D:11     | Reached ** piety under Qazlal
 12409 | Lair:1   | Entered Level 1 of the Lair of Beasts
 12419 | Lair:1   | Reached XP level 12. HP: 105/105 MP: 21/21
 12436 | Lair:1   | Noticed a five-headed hydra
 12992 | D:12     | Reached skill level 10 in Fighting
 12992 | D:12     | Reached XP level 13. HP: 60/113 MP: 20/22
 13671 | D:12     | Reached *** piety under Qazlal
 13765 | D:12     | Found a staircase to the Orcish Mines.
 14914 | Lair:1   | Noticed Nergalle
 14931 | Lair:1   | Killed Nergalle
 15016 | Lair:1   | Got a smoking ring mail
 15027 | Lair:1   | Identified the +1 ring mail of the Eight Boll Weevils {rF+ rC- rN+ Regen+} (You found it on level 1 of the Lair of Beasts)
 16452 | Lair:3   | Found a staircase to the Snake Pit.
 17455 | Lair:3   | HP: 4/113 [tyrant leech (13)]
 18114 | Lair:4   | Reached XP level 14. HP: 87/121 MP: 24/24
 18452 | Lair:4   | Found a runed gate.
 18513 | Lair:4   | Found a staircase to the Swamp.
 18648 | Lair:4   | Found a runed gate.
 18648 | Lair:4   | Found a runed gate.
 18650 | Lair:4   | Noticed Xunt's ghost (journeyman NaWz)
 18652 | Lair:4   | Noticed Zadusov's ghost (journeyman NaWz)
 18675 | Lair:4   | Reached skill level 15 in Invocations
 19528 | Lair:4   | Killed Zadusov's ghost
 19531 | Lair:4   | Killed Xunt's ghost
 19960 | Lair:5   | Reached **** piety under Qazlal
 20100 | Lair:5   | Noticed Josephine
 20115 | Lair:5   | Killed Josephine
 20725 | Lair:6   | Entered Level 6 of the Lair of Beasts
 20761 | Lair:6   | Noticed Nessos
 21048 | Lair:5   | Reached ***** piety under Qazlal
 21652 | Lair:6   | Killed Nessos
 21917 | Lair:6   | Found a staircase to the Slime Pits.
 22397 | Lair:6   | Noticed a dire elephant
 22423 | Lair:6   | Killed a dire elephant
 23266 | D:13     | Reached XP level 15. HP: 47/126 MP: 9/28
 23820 | D:13     | Found the +4 arc blade {discharge, rElec}
 24512 | Orc:1    | Entered Level 1 of the Orcish Mines
 24524 | Orc:1    | Noticed Harold
 24532 | Orc:1    | Killed Harold
 24554 | D:12     | HP: 3/126 [orc knight/great mace of protection (17)]
 26257 | Orc:1    | Noticed an orc warlord
 26305 | D:12     | Killed an orc warlord
 26633 | Orc:1    | Found a roughly hewn altar of Beogh.
 26655 | Orc:2    | Entered Level 2 of the Orcish Mines
 26658 | Orc:2    | Noticed Azrael
 26914 | Orc:2    | Killed Azrael
 27989 | Orc:2    | Noticed Donald
 28005 | Orc:2    | Killed Donald
 28814 | Orc:2    | Found a staircase to the Elven Halls.
 29303 | Orc:2    | Found Eretzih's Armour Boutique.
 29303 | Orc:2    | Found Megut's Book Emporium.
 29314 | Orc:2    | Found Votie's Armour Boutique.
 29314 | Orc:2    | Found Tawimunn's Food Emporium.
 29322 | Orc:2    | Bought a +0 pair of boots of flying for 161 gold pieces
 30772 | D:14     | Reached XP level 16. HP: 134/134 MP: 31/31
 30958 | D:14     | Found a gate to the Vaults.
 31572 | D:15     | Entered Level 15 of the Dungeon
 32243 | D:15     | Reached skill level 5 in Dodging
 32786 | D:15     | Found a staircase to the Depths.
 33126 | Swamp:1  | Entered Level 1 of the Swamp
 34230 | Swamp:2  | Noticed a thorn hunter
 34239 | Swamp:2  | Killed a thorn hunter
 34768 | Swamp:2  | Noticed a tentacled monstrosity
 34916 | Swamp:2  | Killed a tentacled monstrosity
 35532 | Swamp:3  | Noticed Aizul
 35549 | Swamp:3  | Killed Aizul
 35558 | Swamp:3  | Got a slimy copper ring
 35576 | Swamp:2  | Identified the ring "Muptoino" {+Fly MR+ Int+3} (You found it on level 3 of the Swamp)
 35797 | Swamp:3  | Paralysed by a hornet for 2 turns
 36108 | Swamp:3  | Paralysed by a hornet for 1 turns
 36114 | Swamp:3  | Reached XP level 17. HP: 113/146 MP: 32/32
 36734 | Swamp:4  | Entered Level 4 of the Swamp
 36744 | Swamp:4  | Noticed Bai Suzhen
 36768 | Swamp:4  | Killed Bai Suzhen
 36773 | Swamp:3  | Reached skill level 10 in Armour
 37656 | Swamp:4  | HP: 5/148 [seven-headed hydra (5)]
 38908 | Swamp:4  | Got a decaying rune of Zot
 39341 | Snake:1  | Entered Level 1 of the Snake Pit
 39393 | Snake:1  | Reached ****** piety under Qazlal
 40026 | Snake:1  | Reached XP level 18. HP: 80/158 MP: 27/33
 43001 | Snake:3  | Found a sparkling altar of Nemelex Xobeh.
 43448 | Snake:4  | Entered Level 4 of the Snake Pit
 43691 | Snake:4  | Noticed Vashnia
 43700 | Snake:4  | Killed Vashnia
 43700 | Snake:4  | Noticed Jorgrun
 43703 | Snake:4  | Killed Jorgrun
 44325 | Snake:4  | Reached XP level 19. HP: 111/169 MP: 34/34
 44544 | Snake:4  | Reached skill level 15 in Fighting
 44613 | Snake:4  | Mangled by a naga warrior

Vault maps used:
D:1:      dpeg_arrival_brainrot
D:2:      first_ration, nicolae_tso_carved_into_rock, uniq_robin
D:3:      cheibrodos_old_hovel, nicolae_overflow_crystal_walls, tgw_fedhas,
          nemelex_xobeh_ov_fountains_minmay
D:4:      gammafunk_cloud_chamber, zin_treasury, lemuel_coloured_pillars_altar,
          old_standard_altar, ebering_ghost_reflecting_pool
D:5:      overflow_temple_1_default, yredelemnul_altar_generic, serial_shops,
          shop, shop_statue, shop, shop, shop_coins, uniq_eustachio
D:6:      nicolae_ru_the_path_less_chosen, old_standard_altar,
          vehumet_altar_wand_db, uniq_edmund
D:7:      gammafunk_the_bubble, lemuel_crystal_altar, lemuel_round_altar,
          okawaru_metal_pillars_1_2, minmay_temple_entry_hall, serial_shops,
          shop_statue
D:8:      basic_altar, uniq_erica
D:10:     grunt_tengu_nest
D:11:     david_lair_generic, uniq_psyche
D:12:     hiddenorc2_lemuel
D:13:     minmay_shoctagon
D:14:     erik_vaults_2, minmay_fountain_box
D:15:     hangedman_depths_entry_try_elsewhere_first, hangedman_decor_slide_cut
Temple:   dpeg_three_leaves_temple
Lair:1:   uniq_nergalle
Lair:2:   patterned_corridor
Lair:3:   minmay_snake_entry_six_corridors, disabler_island,
          minmay_lair_oklob_chamber
Lair:4:   minmay_swamp_entry_worms, gammafunk_ghost_cemetery
Lair:5:   lemuel_slime, uniq_josephine
Lair:6:   grunt_lair_end_beastmaster, nicolae_slime_entry_slimehenge,
          grunt_megastairs_4, uniq_nessos
Swamp:1:  nicolae_swamp_treefoil, swamp_pool4
Swamp:2:  nicolae_swamp_orc_logging_accident, swamp_pool3,
          infiniplex_staircase_pool
Swamp:3:  evilmike_swamp_ruin_rubble_1, infiniplex_staircase_pool_2, uniq_aizul
Swamp:4:  swamp_alternative, uniq_bai_suzhen
Snake:1:  hangedman_cross_veins, hangedman_snake_corridor_split
Snake:3:  basic_altar
Snake:4:  grunt_snake_rune_serpentine_throne, uniq_vashnia, uniq_jorgrun
Orc:1:    special_room, uniq_harold
Orc:2:    grunt_orc_tribal_feast, uniq_azrael, uniq_donald

Skill      XL: |  1  2  3  4  5  6  7  8  9 10 11 12 13 14 15 16 17 18 19 |
---------------+----------------------------------------------------------+-----
Axes           | 3 4 5 7 8 9 11 14 15 16 17 20 21 22 | 22.6
Invocations    | 7 12 14 19 22 | 22.6
Fighting       | 4 9 10 11 13 14 15 | 15.0
Armour         | 7 9 11 12 13 | 13.0
Dodging        | 4 6 8 9 |  9.9
Shields        | |  3.2

Action                   |  1- 3 |  4- 6 |  7- 9 | 10-12 | 13-15 | 16-18 | 19-21 || total
-------------------------+-------+-------+-------+-------+-------+-------+-------++-------
Melee: War axe           |    93 |   240 |   267 |   227 |       |       |       ||   827
       Battleaxe         |       |       |       |   236 |  1368 |  1106 |    52 ||  2762
Invok: Upheaval          |       |       |       |       |    23 |    11 |       ||    34
       Elemental Force   |       |       |       |       |     2 |       |       ||     2
Evoke: Wand              |       |       |       |    10 |    12 |     9 |       ||    31
  Use: Scroll            |     5 |     5 |     2 |    10 |    16 |    16 |       ||    54
       Potion            |       |       |     2 |     2 |     5 |     2 |       ||    11
 Stab: Petrified         |       |       |       |       |    10 |       |       ||    10
       Petrifying        |       |       |       |       |     1 |       |       ||     1
       Confused          |       |       |       |       |       |     1 |       ||     1
  Eat: Chunk             |       |     7 |     9 |    20 |    40 |    17 |       ||    93
       Ration            |       |       |     1 |       |     5 |     8 |       ||    14
Armor: Scale mail        |    45 |    89 |    80 |   154 |    37 |       |       ||   405
       Skin              |       |       |     6 |       |       |       |       ||     6
       Ring mail         |       |       |       |       |    42 |       |       ||    42
       Plate armour      |       |       |       |       |   282 |   580 |    24 ||   886
Dodge: Dodged            |    38 |    69 |    53 |   195 |   454 |   417 |    17 ||  1243
       Deflected         |       |       |       |       |    11 |    75 |     4 ||    90
Block: Shield            |    54 |   127 |    87 |    92 |       |       |       ||   360
       Other             |       |       |       |    21 |   191 |   368 |    20 ||   600

Table legend:
 A = Spawn XP
 B = Non-spawn XP
 C = Spawn XP percentage of total XP
 D = Spawn monster count
 E = Non-spawn monster count
 F = Spawn count percentage of total count
 G = Total turns spent on level
                    A         B        C        D         E        F      G
               +---------+---------+-------+---------+---------+-------+---------
         Total |       0 |  312240 |   0.0 |       0 |    1043 |   0.0 | 44613
               +---------+---------+-------+---------+---------+-------+---------
           D:1 |       0 |      41 |   0.0 |       0 |      21 |   0.0 |   870
           D:2 |       0 |     236 |   0.0 |       0 |      40 |   0.0 |  1196
           D:3 |       0 |     193 |   0.0 |       0 |      33 |   0.0 |   868
           D:4 |       0 |     399 |   0.0 |       0 |      16 |   0.0 |   844
           D:5 |       0 |    1003 |   0.0 |       0 |      15 |   0.0 |  1833
           D:6 |       0 |     646 |   0.0 |       0 |      20 |   0.0 |   766
           D:7 |       0 |     501 |   0.0 |       0 |      16 |   0.0 |   562
           D:8 |       0 |    3151 |   0.0 |       0 |      11 |   0.0 |  1275
           D:9 |       0 |    2497 |   0.0 |       0 |      17 |   0.0 |  1449
          D:10 |       0 |    4308 |   0.0 |       0 |      41 |   0.0 |  1385
          D:11 |       0 |    4392 |   0.0 |       0 |      18 |   0.0 |  1687
          D:12 |       0 |    9003 |   0.0 |       0 |      85 |   0.0 |  3665
          D:13 |       0 |    7303 |   0.0 |       0 |      23 |   0.0 |  1412
          D:14 |       0 |   12778 |   0.0 |       0 |      29 |   0.0 |  1750
          D:15 |       0 |   16778 |   0.0 |       0 |      48 |   0.0 |  1162
        Lair:1 |       0 |    3146 |   0.0 |       0 |       7 |   0.0 |  1175
        Lair:2 |       0 |    4812 |   0.0 |       0 |      19 |   0.0 |  1072
        Lair:3 |       0 |    7340 |   0.0 |       0 |      31 |   0.0 |  2179
        Lair:4 |       0 |   10206 |   0.0 |       0 |      29 |   0.0 |  2002
        Lair:5 |       0 |    7520 |   0.0 |       0 |      41 |   0.0 |  1608
        Lair:6 |       0 |   16896 |   0.0 |       0 |      49 |   0.0 |  1699
       Swamp:1 |       0 |    7099 |   0.0 |       0 |      20 |   0.0 |   948
       Swamp:2 |       0 |   14325 |   0.0 |       0 |      20 |   0.0 |  1711
       Swamp:3 |       0 |   20361 |   0.0 |       0 |      51 |   0.0 |  2552
       Swamp:4 |       0 |   32684 |   0.0 |       0 |      56 |   0.0 |   748
       Snake:1 |       0 |   37648 |   0.0 |       0 |      72 |   0.0 |  2349
       Snake:2 |       0 |   18890 |   0.0 |       0 |      33 |   0.0 |   643
       Snake:3 |       0 |   14990 |   0.0 |       0 |      26 |   0.0 |  1334
       Snake:4 |       0 |   32121 |   0.0 |       0 |      40 |   0.0 |   595
         Orc:1 |       0 |    7780 |   0.0 |       0 |      44 |   0.0 |  1524
         Orc:2 |       0 |   13193 |   0.0 |       0 |      72 |   0.0 |  1641
               +---------+---------+-------+---------+---------+-------+---------
